Map: Kairos Junction LE

Players

Namshar

  • Race: Zerg Zerg
  • Spawn Location: 11:00

Kas - Winner!

  • Race: Terran Terran
  • Spawn Location: 5:00

Event: 2019 WCS Spring

VOD

Have the link to the VOD?

Description

Time

  • Played on: May 17, 2019, 12:57 p.m.
  • Length: 16:57

All games in this series

Show
View Real Time Build Order
Export as new Build Order

Namshar Zerg 

Build Orders: Hatch First 

Get SALT Encoding   

  12  0:00  Drone  
  13  0:12  Overlord  
  13  0:17  Drone  
  14  0:30  Drone x2  
  16  0:48  Hatchery  
  15  0:51  Drone  
  15  0:55  Drone  
  17  0:58  Drone  
  18  1:09  Extractor  
  17  1:13  Spawning Pool  
  17  1:17  Drone  
  17  1:19  Drone  
  18  1:27  Drone  
  19  1:38  Drone  
  20  1:49  Drone  
  21  1:59  Queen x2  
  21  2:00  Zergling x4  
  27  2:13  Hatchery  
  26  2:17  Overlord  
  26  2:22  Drone  
  27  2:23  Drone  
  27  2:37  Spore Crawler  
  27  2:39  Metabolic Boost  
  27  2:42  Queen  
  27  2:43  Drone  
  30  2:44  Drone  
  30  2:49  Overlord  
  31  2:53  Drone  
  32  3:00  Drone  
  33  3:07  Drone x3  
  33  3:12  Drone x3  
  39  3:16  Queen  
  39  3:19  Drone  
  42  3:25  Overlord  
  42  3:28  Drone x3  
  45  3:37  Queen  
  45  3:38  Drone  
  45  3:40  Drone  
  49  3:46  Zergling x8  
  53  3:51  Queen  
  55  3:56  Roach Warren  
  55  3:57  Overlord  
  54  4:03  Lair  
  54  4:07  Extractor  
  54  4:08  Extractor  
  52  4:12  Overlord  
  52  4:13  Overlord  
  52  4:17  Drone  
  52  4:18  Drone x3  
  52  4:21  Drone x2  
  52  4:24  Overlord  
  58  4:33  Overlord  
  58  4:36  Spore Crawler, Drone  
  58  4:37  Spore Crawler, Drone  
  58  4:44  Drone  
  61  4:49  Roach x2  
  61  4:52  Pneumatized Carapace  
  65  4:54  Overlord  
  65  4:56  Queen  
  65  4:58  Roach x2  
  69  5:01  Roach  
  73  5:07  Roach x2  
  75  5:15  Roach x3  
  80  5:25  Roach x4  
  87  5:35  Overlord x2  
  87  5:36  Overlord  
  87  5:38  Ravager  
  88  5:43  Overlord  
  86  5:58  Roach x2  
  86  6:01  Drone x8  
  94  6:06  Drone x3  
  98  6:11  Drone x2  
  98  6:12  Evolution Chamber  
  98  6:13  Evolution Chamber  
  98  6:14  Ravager x2  
  98  6:16  Drone x4  
  103  6:20  Extractor  
  103  6:22  Extractor  
  103  6:23  Zergling x2  
  103  6:24  Overlord, Zergling x2  
  103  6:28  Extractor, Drone  
  103  6:29  Drone  
  103  6:30  Ravager x2  
  106  6:39  Overlord  
  106  6:40  Zerg Ground Armor Level 1  
  106  6:42  Overlord x2  
  106  6:44  Drone x2  
  108  6:52  Zerg Missile Weapons Level 1  
  109  6:54  Drone x3  
  109  6:57  Drone  
  109  6:58  Drone  
  109  6:59  Drone x3  
  109  7:01  Roach x2, Drone  
  120  7:13  Hatchery, Drone x2  
  106  7:30  Roach x7  
  106  7:36  Drone  
  121  7:39  Overlord x2  
  121  7:57  Queen  
  121  7:58  Overlord, Drone  
  124  7:59  Overlord, Drone x2  
  124  8:00  Drone x3  
  124  8:01  Drone  
  124  8:02  Drone  
  131  8:06  Glial Reconstitution  
  131  8:11  Ravager x2  
  131  8:12  Roach  
  137  8:13  Roach  
  137  8:18  Roach x2  
  137  8:19  Roach x4  
  149  8:22  Overlord  
  149  8:30  Queen  
  149  8:33  Roach x4  
  154  8:40  Roach x4  
  156  8:44  Drone  
  156  8:46  Roach x2  
  158  8:51  Hatchery  
  158  8:53  Zerg Ground Armor Level 2  
  157  8:56  Zerg Missile Weapons Level 2  
  157  9:12  Ravager x4  
  157  9:13  Overlord x4  
  161  9:24  Tunneling Claws  
  161  9:27  Overlord x2  
  161  9:32  Roach x9  
  161  9:33  Roach  
  161  9:34  Ravager  
  182  9:39  Roach x3  
  188  9:46  Roach x4  
  196  10:02  Infestation Pit  
  196  10:03  Drone x2  
  196  10:05  Baneling Nest  
  194  10:30  Hatchery  
  193  10:42  Hive  
  191  10:46  Burrow  
  191  10:49  Centrifical Hooks  
  191  10:57  Extractor  
  191  10:58  Drone x3  
  191  10:59  Zergling x14  
  198  11:21  Zergling x4  
  198  11:22  Zergling x20  
  200  11:28  Baneling x13  
  196  11:41  Roach x8  
  196  11:42  Roach  
  184  11:49  Roach x12  
  190  12:00  Roach x9  
  184  12:03  Roach  
  184  12:04  Roach x5  
  179  12:10  Zerg Ground Armor Level 3  
  179  12:13  Roach x35, Drone  
  179  12:14  Evolution Chamber  
  175  12:19  Drone x11  
  182  12:24  Zergling x8  
  182  12:27  Queen  
  188  12:34  Zergling x6  
  188  12:35  Zergling x8  
  195  12:40  Queen  
  197  12:46  Spire  
  197  12:47  Baneling x8  
  197  12:48  Ravager x2  
  197  12:49  Ravager x2  
  200  12:53  Baneling x9  
  200  13:03  Baneling x5  
  200  13:08  Roach x37  
  200  13:17  Zerg Melee Weapons Level 1  
  198  13:27  Hatchery  
  198  13:29  Roach x37  
  198  13:33  Zergling x2  
  198  13:34  Zergling x14  
  197  13:54  Baneling  
  197  13:55  Baneling x15  
  185  14:00  Zergling x2  
  185  14:01  Zergling x26  
  199  14:04  Zergling x4  
  195  14:11  Zergling x12  
  195  14:15  Hatchery  
  185  14:18  Zergling x20  
  185  14:21  Baneling  
  185  14:22  Baneling x14  
  185  14:23  Baneling x5  
  185  14:24  Baneling x6  
  189  14:28  Zergling x14  
  189  14:31  Corruptor  
  165  14:32  Roach x6  
  165  14:36  Corruptor  
  114  14:47  Roach x5  
  114  14:50  Roach  
  101  14:56  Roach x2  
  101  14:57  Roach x3  
  100  15:13  Roach x4  
  95  15:14  Ravager x3  
  95  15:17  Roach x3  
  100  15:21  Roach x3  
  100  15:26  Roach  
  100  15:27  Roach  
  103  15:29  Roach  
  102  15:35  Roach  
  102  15:36  Roach  
  102  15:41  Roach x2  
  100  15:51  Roach  
  100  15:52  Roach x3  
  100  15:55  Ravager x2  
  105  16:03  Ravager x3  
  108  16:06  Roach x3  
  108  16:12  Ravager  
  108  16:15  Roach x6  
  108  16:17  Ravager x2  
  125  16:28  Roach x2  
Show
View Real Time Build Order
Export as new Build Order

Kas Terran - Winner!

Build Orders: Gas First Reaper Expand 

Get SALT Encoding   

  12  0:00  SCV  
  13  0:12  SCV  
  14  0:17  Supply Depot  
  14  0:24  SCV  
  15  0:28  Refinery  
  15  0:38  SCV  
  16  0:44  Barracks  
  16  0:50  SCV  
  17  1:02  SCV  
  18  1:15  SCV  
  19  1:31  Reaper, Orbital Command  
  20  1:41  Command Center  
  20  1:56  Factory  
  20  1:57  SCV  
  21  2:05  Barracks Reactor  
  21  2:09  SCV  
  22  2:15  Supply Depot  
  22  2:18  Refinery  
  22  2:21  SCV  
  23  2:37  SCV  
  23  2:44  Starport  
  24  2:49  SCV, Hellion x2  
  29  2:54  Orbital Command  
  29  3:00  Barracks Tech Lab  
  29  3:06  SCV  
  29  3:11  Hellion x2  
  34  3:18  SCV  
  35  3:20  Viking  
  35  3:22  SCV  
  38  3:28  Stimpack  
  38  3:32  Marine  
  39  3:37  SCV  
  40  3:41  SCV  
  40  3:43  Factory Tech Lab  
  40  3:47  Supply Depot  
  41  3:50  Marine  
  41  3:52  SCV  
  43  3:59  SCV  
  44  4:04  Barracks  
  44  4:07  Starport Reactor, Barracks  
  44  4:08  Siege Tank  
  44  4:09  Marine  
  48  4:10  Supply Depot  
  48  4:12  SCV  
  48  4:14  SCV  
  48  4:16  Engineering Bay  
  50  4:23  Refinery  
  50  4:24  SCV  
  50  4:27  SCV  
  50  4:29  Marine  
  53  4:33  Supply Depot  
  53  4:34  Supply Depot  
  53  4:38  SCV  
  53  4:39  SCV  
  53  4:45  Siege Tank  
  58  4:50  SCV  
  59  4:56  Starport Reactor  
  59  4:58  Marine x3  
  62  5:01  SCV  
  62  5:02  SCV  
  64  5:09  Terran Infantry Weapons Level 1  
  64  5:11  Supply Depot  
  64  5:12  Marine x2  
  64  5:13  SCV  
  67  5:15  SCV  
  67  5:16  Marine x3  
  71  5:30  Marine x2  
  71  5:32  Combat Shield  
  71  5:33  Siege Tank  
  71  5:34  Marine x3  
  79  5:45  Command Center  
  79  5:47  Marine  
  79  5:48  Marine  
  81  5:51  Medivac x2  
  78  6:00  Marine x3  
  77  6:05  Siege Tank, Marine  
  77  6:06  Marine  
  82  6:14  Refinery  
  82  6:17  SCV, Marine  
  82  6:18  Bunker, Marine x2  
  86  6:37  Supply Depot  
  86  6:38  SCV, Medivac x2, Marine x3  
  94  6:52  Barracks  
  94  6:55  Barracks  
  94  6:56  SCV, Marine x5  
  94  7:01  Orbital Command  
  100  7:02  SCV  
  101  7:14  Marine x5  
  101  7:30  Siege Tank  
  101  7:31  Marine x5  
  101  7:32  SCV x2  
  101  7:35  Orbital Command  
  111  7:38  Armory, Terran Infantry Armor Level 1  
  111  7:39  Engineering Bay  
  111  7:41  Marine  
  111  7:43  Marine  
  114  7:44  SCV x2  
  114  7:49  Marine x4  
  117  7:58  Sensor Tower  
  117  8:12  Supply Depot  
  117  8:13  Supply Depot  
  117  8:14  Barracks Reactor x2, Supply Depot  
  117  8:16  SCV x3, Marine x3  
  123  8:27  Marine x2  
  123  8:31  SCV  
  123  8:33  Marine  
  123  8:34  SCV, Siege Tank  
  128  8:47  Marine x3  
  127  8:48  SCV  
  127  8:49  SCV x2  
  127  8:50  Bunker, Command Center  
  127  8:52  Terran Infantry Weapons Level 2  
  127  8:54  Marine x2  
  132  8:59  Marine x2  
  132  9:00  Marauder  
  132  9:01  SCV x2  
  138  9:05  Factory  
  138  9:06  Marine x3  
  138  9:08  Terran Vehicle Weapons Level 1  
  141  9:16  Bunker  
  141  9:17  Marine x2  
  141  9:19  Barracks  
  141  9:21  Barracks  
  141  9:23  Barracks  
  143  9:24  Marine x2  
  143  9:26  Marine x4  
  149  9:41  Supply Depot  
  149  9:43  Marauder, Medivac x2, Marine x2  
  157  9:51  Marine  
  157  9:56  Factory Tech Lab, Supply Depot  
  157  10:01  Siege Tank, Marine x5  
  157  10:05  Marauder  
  161  10:16  Barracks Tech Lab x2  
  161  10:18  Marine x3  
  161  10:19  Marine x3  
  166  10:26  Marauder  
  168  10:29  Terran Infantry Armor Level 2  
  168  10:32  Medivac  
  168  10:33  Medivac  
  167  10:47  Marauder  
  167  10:48  Siege Tank  
  172  10:53  Marauder x2  
  172  10:54  Concussive Shells  
  172  10:55  Planetary Fortress  
  176  11:02  Marine x2  
  176  11:03  Refinery x2  
  178  11:09  Marauder  
  180  11:14  Marauder x2  
  180  11:16  Barracks Tech Lab  
  183  11:20  Siege Tank  
  183  11:24  Missile Turret  
  186  11:30  Marauder  
  188  11:39  Marauder  
  188  11:40  Marauder  
  188  11:41  Marauder, Marine  
  165  11:52  Marauder  
  155  11:55  Terran Infantry Weapons Level 3  
  155  11:56  Marine  
  155  11:57  Marine x6  
  155  11:58  Siege Tank  
  155  11:59  Marine  
  155  12:01  Marauder x2  
  154  12:02  Marauder  
  130  12:10  SCV  
  130  12:13  Marauder  
  134  12:15  SCV  
  134  12:17  Marine  
  134  12:18  Missile Turret, Marine  
  134  12:19  Marine  
  134  12:22  Marauder x2, SCV  
  141  12:23  SCV, Marauder  
  141  12:24  Missile Turret, Marine x5  
  141  12:26  SCV  
  141  12:27  SCV  
  152  12:34  Marauder  
  152  12:35  SCV x2  
  155  12:40  SCV  
  155  12:44  Marauder x2  
  160  12:45  Marauder, Siege Tank  
  160  12:47  SCV x2  
  167  12:54  SCV x2  
  167  12:56  Marauder  
  171  13:05  Marauder  
  173  13:09  Command Center  
  173  13:16  Marine x3  
  168  13:39  Marauder  
  168  13:40  Marauder  
  170  13:43  Marine x2  
  170  13:44  Marauder x2  
  176  13:51  Marine  
  174  14:01  Marauder  
  174  14:02  Marauder  
  164  14:05  Marauder  
  164  14:07  Marauder  
  164  14:09  Marine  
  159  14:17  Marine x3  
  147  14:22  Marauder, Siege Tank  
  147  14:23  Marauder  
  155  14:26  Marauder  
  131  14:32  Marine x6  
  131  14:34  Marine  
  131  14:35  Marine x2  
  138  14:43  Marine  
  138  14:44  Marine  
  120  14:47  Marine  
  120  14:49  Marine  
  120  14:50  Marine x5  
  119  14:55  Marine  
  119  14:56  Marine x2  
  119  15:01  Marine  
  121  15:07  Marine x3  
  121  15:08  Marine  
  121  15:10  Medivac  
  124  15:25  Marine x3  
  124  15:27  Marine  
  122  15:38  Marine x2  
  113  15:55  Marine x2  
  108  15:57  Marine x3  
  108  16:00  Siege Tank  
  114  16:06  Siege Tank  
Tags
 
Add a new tag
Caveats
  • Supply blocks, unpowered buildings, or Contaminate may cause inaccurate times.
  • Supply counts are checked every 10 seconds.